 Dungeon Crawl Stone Soup version 0.17-a0-737-gf0a300a (webtiles) character file.

86 Ngotmuk the Chopper (level 4, -2/42 HPs)
             Began as a Deep Dwarf Fighter on Apr 27, 2015.
             Killed by divine providence
             ... invoked by an orc priest
              (10 damage)
             ... on level 3 of the Dungeon.
             The game lasted 00:04:21 (1255 turns).

Ngotmuk the Chopper (Deep Dwarf Fighter)            Turns: 1255, Time: 00:04:21

Health: -2/42      AC:  8    Str: 21    XL:     4   Next: 27%
Magic:  4/4        EV:  7    Int: 11    God:
Gold:   45         SH:  9    Dex: 12    Spells: 0 memorised, 3 levels left

rFire  . . .     SeeInvis .     a - +0 war axe
rCold  . . .     Clarity  .     b - +0 scale mail
rNeg   . . .     SustAb   .     c - +0 shield
rPois  .         Gourm    .     (no helmet)
rElec  .         Spirit   .     (no cloak)
rCorr  .         Warding  .     (no gloves)
rMut   .         Stasis   .     g - +0 pair of boots
MR     .....                    (no amulet)
Stlth  ..........               (no ring)
                                l - +3 ring of intelligence

@: non-regenerating, not resistant to hostile enchantments, extremely unstealthy
A: damage resistance, recharge devices, sense surroundings 1, slow healing 3
a: Device Recharging


You were on level 3 of the Dungeon.
You were not hungry.

You visited 1 branch of the dungeon, and saw 3 of its levels.

You collected 45 gold pieces.

Inventory:

Hand weapons
 a - a +0 war axe (weapon)
Armour
 b - a +0 scale mail (worn)
 c - a +0 shield (worn)
 g - a +0 pair of boots (worn)
Jewellery
 l - a +3 ring of intelligence (left hand)
Magical devices
 e - a wand of heal wounds (5)
Scrolls
 i - a scroll of identify {unknown}
 j - 4 scrolls of remove curse {unknown}
 k - 4 scrolls of magic mapping {unknown}
 n - 2 scrolls of fear {unknown}
Potions
 d - a potion of might
 h - 2 potions of curing {unknown}
 m - 2 potions of heal wounds {unknown}
 o - a potion of ambrosia {unknown}
Comestibles
 f - a bread ration


   Skills:
 * Level 3.2 Fighting
 * Level 3.8 Axes
 + Level 3.6 Armour
 + Level 3.7 Shields


You had 3 spell levels left.
You didn't know any spells.

Dungeon Overview and Level Annotations

Branches:
Dungeon (3/15)

Altars:


Innate Abilities, Weirdness & Mutations

You are resistant to damage.
You can recharge devices by infusing magical energy.
You passively map a small area around you.
You do not heal naturally.


Message History

Something hits you. Something hits you but does no damage.
You closely miss something.
You hear some strange, mumbled words.
You feel a wave of unholy energy pass over you.
You closely miss something.
You hear some strange, mumbled words.
A puff of frost appears from out of thin air!
The puff of frost hits you! Something hits you but does no damage.
You hear some strange, mumbled words.
A magic dart appears from out of thin air!
The magic dart hits you!
* * * LOW HITPOINT WARNING * * *
You barely miss something. Something hits you but does no damage.
Something hits you.
You miss something.
The giant cockroach waves its antennae.
You block its attack.
The orc priest mumbles some strange prayers to Beogh against you.
Something smites you!
You die...

###.#####
##.########.#
........#
##...........#
###.###.#
#.....######## #
#.# #.# ##...## #
#.###.#######..##
#
#....<.........#
#
#####.########.#
#######.# #.#
........# #@#
######### #{# * *
#s# , * #o# * , *
#.#** , , , !..,
* *#.# , , * .##
, # ≈ *


You could see an orc priest and a giant cockroach.

Vanquished Creatures
  2 adders (D:2)
  An ooze (D:1)
  3 worms (D:2)
  2 giant geckos (D:1)
  4 orcs (D:3)
  4 goblins
  6 hobgoblins
  7 jackals (D:1)
  A ball python (D:2)
  7 bats
  A giant cockroach (D:1)
  3 giant newts
  5 kobolds
  A quokka (D:2)
  3 rats
50 creatures vanquished.

Notes
Turn   | Place    | Note
--------------------------------------------------------------
     0 | D:1      | Ngotmuk, the Deep Dwarf Fighter, began the quest for the Orb.
     0 | D:1      | Reached XP level 1. HP: 20/20 MP: 1/1
    97 | D:1      | Reached XP level 2. HP: 27/27 MP: 2/2
   313 | D:1      | Reached XP level 3. HP: 26/34 MP: 3/3
   771 | D:2      | Reached XP level 4. HP: 11/42 MP: 4/4
  1255 | D:3      | Killed from afar by an orc priest

Action                   |  1- 3 |  4- 6 || total
-------------------------+-------+-------++-------
Melee: War axe           |   118 |    39 ||   157
       Staff             |     4 |       ||     4
  Eat: Bread ration      |       |     1 ||     1
